 Dungeon Crawl Stone Soup version 0.22-a0-109-gbeb7240 (webtiles) character file.

454885 4thArraOfDagon the Eclecticist (level 22, -7/128 HPs)
             Began as a Felid Chaos Knight on Jan 26, 2018.
             Was the Champion of Ashenzari.
             Splashed by a yellow draconian monk's acid (12 damage)
             ... on level 3 of the Realm of Zot on Jan 27, 2018.
             The game lasted 05:39:04 (35067 turns).

4thArraOfDagon the Eclecticist (FeCK)              Turns: 35067, Time: 05:39:05

Health: -7/128     AC: 30    Str:  8    XL:     22   Next: 61%
Magic:  9/42       EV: 32    Int: 30    God:    Ashenzari [******]
Gold:   4603       SH:  0    Dex: 14    Spells: 1/61 levels left
                                        Lives:  0   Deaths: 7

rFire    + . .     SeeInvis +     - Unarmed
rCold    + . .     Gourm    .   (shield unavailable)
rNeg     + . .     Faith    .   (armour unavailable)
rPois    ∞         Spirit   .   (helmet unavailable)
rElec    +         Reflect  .   (cloak unavailable)
rCorr    .         Harm     .   (gloves unavailable)
MR       +++..     Clarity  +   (boots unavailable)
Stlth    +++.......             C - amulet "Liph" {RegenMP rC+ Int+2 Dex-3} (curse)
HPRegen  1.31/turn              u - ring "Dyzxen" {Int+2 Stlth+} (curse)
MPRegen  0.53/turn              k - ring of wizardry (curse)

@: statue-form, corroded, contaminated, regenerating, glowing, very slow
A: very small, no armour, no weapons or thrown items, stealth, claws 1, fangs 3,
see invisible, agile 1, carnivore, clever 1, fire resistance 1, low mp 1, poison
resistance, screaming 1, electricity resistance, slow metabolism 1, wild magic
2, evolution 1, sharp paws
}: 4/15 runes: decaying, serpentine, slimy, silver
a: End Transformation, Curse Item, Scrying, Transfer Knowledge, Renounce
Religion


You were on level 3 of the Realm of Zot.
You worshipped Ashenzari.
Ashenzari was exalted by your worship.
You were not hungry.
You were a stone statue.
You visited 11 branches of the dungeon, and saw 53 of its levels.
You also visited: Labyrinth, Ossuary, Bailey, Ice Cave, Volcano and Wizlab.

You collected 7483 gold pieces.
You spent 2880 gold pieces at shops.

Inventory:

Hand Weapons
 m - a +2 battleaxe of freezing
 w - a +1 spear of venom
Jewellery
 c - the ring "Emmeacas" {Ice rN+ Dex+4}
   (You took it off a spriggan air mage on level 4 of the Depths)

   [ring of ice]

   It enhances your ice magic.
   It affects your dexterity (+4).
   It makes you vulnerable to fire.
   It protects you from cold.
   It protects you from negative energy.
 e - an uncursed ring of resist corrosion
 k - a cursed ring of wizardry (right paw)
 r - an uncursed ring of protection from fire
 u - the cursed ring "Dyzxen" (left paw) {Int+2 Stlth+}
   (You took it off a deep elf demonologist on level 3 of the Elven Halls)

   [ring of stealth]

   It affects your intelligence (+2).
   It makes you more stealthy.
   It has a curse placed upon it.
 C - the cursed amulet "Liph" (around neck) {RegenMP rC+ Int+2 Dex-3}
   (You took it off a deep elf death mage on level 3 of the Elven Halls)

   [amulet of magic regeneration]

   It increases your magic regeneration.
   It affects your intelligence (+2).
   It affects your dexterity (-3).
   It protects you from cold.
   It has a curse placed upon it.
 D - an uncursed ring of fire
 L - the amulet "Pithroac" {Regen+ Str+4}
   (You found it on level 5 of the Pits of Slime)

   [amulet of regeneration]

   It affects your strength (+4).
   It increases your rate of regeneration.
Wands
 z - a wand of digging (38)
 M - a wand of scattershot (2)
 R - a wand of clouds (18)
 T - a wand of iceblast (66)
 V - a wand of paralysis (24)
 X - a wand of acid (18)
Scrolls
 h - 14 scrolls of teleportation
 i - 18 scrolls of remove curse
 l - 4 scrolls of magic mapping
 n - 3 scrolls of fear
 o - 4 scrolls of vulnerability
 t - a scroll of torment
 y - 4 scrolls of amnesia
 F - 4 scrolls of summoning
 O - 3 scrolls of fog
 P - 6 scrolls of immolation
 W - 14 scrolls of identify
Potions
 b - a potion of magic
 d - 5 potions of cancellation
 f - 3 potions of flight
 g - 2 potions of agility
 j - 9 potions of brilliance
 p - 5 potions of resistance
 q - a potion of berserk rage
 s - 3 potions of curing
 x - 8 potions of might
 K - 5 potions of mutation
 Q - 4 potions of lignification
 U - 2 potions of ambrosia
 Y - 3 potions of haste
Books
 v - the Incunabulum of Evil Arts and Hexes
   (You found it on level 11 of the Dungeon)

   Spells                             Type                      Level
   a - Regeneration                   Charms/Necromancy            3
   b - Tukima's Dance                 Hexes                        3
   c - Invisibility                   Hexes                        6
   d - Discord                        Hexes                        8
 B - the Handbook of the Mountains and Curses
   (You found it on level 11 of the Dungeon)

   Spells                             Type                      Level
   a - Portal Projectile              Hexes/Translocation          3
   b - Leda's Liquefaction            Hexes/Earth                  4
   c - Yara's Violent Unravelling     Hexes/Transmutation          5
 H - a book of the Tempests

   Spells                             Type                      Level
   a - Static Discharge               Conjuration/Air              3
   b - Lightning Bolt                 Conjuration/Air              5
   c - Ignition                       Fire                         8
   d - Tornado                        Air                          9
   e - Shatter                        Earth                        9
 I - the Guide on Confrontation and the Oath
   (You found it on level 13 of the Dungeon)

   Spells                             Type                      Level
   a - Magic Dart                     Conjuration                  1
   b - Shock                          Conjuration/Air              1
   c - Throw Flame                    Conjuration/Fire             2
   d - Tukima's Dance                 Hexes                        3
   e - Spectral Weapon                Hexes/Charms                 3
   f - Throw Icicle                   Conjuration/Ice              4
   g - Iron Shot                      Conjuration/Earth            6
 S - a book of the Earth

   Spells                             Type                      Level
   a - Leda's Liquefaction            Hexes/Earth                  4
   b - Bolt of Magma                  Conjuration/Fire/Earth       5
   c - Statue Form                    Transmutation/Earth          6
   d - Iron Shot                      Conjuration/Earth            6
   e - Shatter                        Earth                        9
 Z - a book of the Warp

   Spells                             Type                      Level
   a - Gell's Gravitas                Translocation                3
   b - Portal Projectile              Hexes/Translocation          3
   c - Force Lance                    Conjuration/Translocation    4
   d - Dispersal                      Translocation                6
   e - Controlled Blink               Translocation                8
   f - Disjunction                    Translocation                8
Miscellaneous
 A - a phial of floods
 E - 2 phantom mirrors
 G - a lightning rod (4/4)
 J - a box of beasts
 N - a crystal ball of energy
Comestibles
 a - 62 rations


   Skills:
 - Level 12.0 Fighting
 - Level 19.0 Dodging
 - Level 15.1 Stealth
 - Level 18.0 Unarmed Combat
 + Level 20.4 Spellcasting
 - Level 1.8(5.0) Conjurations
 - Level 7.1(11.6) Charms
 - Level 7.7(12.2) Necromancy
 - Level 16.4(20.2) Translocations
 - Level 9.9(14.2) Transmutations
 - Level 19.8(23.3) Air Magic
 * Level 14.3(18.3) Earth Magic
 - Level 1.6(4.6) Poison Magic
 - Level 4.0(8.2) Evocations


You had one spell level left.
You knew the following spells:

 Your Spells              Type           Power        Failure   Level  Hunger
a - Regeneration          Chrm/Necr      ########..   1%          3    None
b - Lee's Rapid Deconstr  Erth           ########..   1%          5    None
c - Passwall              Tmut/Erth      ########..   1%          2    None
d - Conjure Flame         Conj/Fire      ######..     1%          3    None
e - Blink                 Tloc           N/A          1%          2    None
f - Mephitic Cloud        Conj/Pois/Air  ########     1%          3    None
g - Borgnjor's Vile Clut  Necr/Erth      ########..   1%          5    None
h - Statue Form           Tmut/Erth      ########.    1%          6    None
i - Apportation           Tloc           ######       1%          1    None
j - Passage of Golubria   Tloc           N/A          1%          4    None
k - Controlled Blink      Tloc           N/A          2%          8    #####..
l - Tornado               Air            ########..   8%          9    ######.
m - Shatter               Erth           ########..   28%         9    ######.


Dungeon Overview and Level Annotations

Branches:
Dungeon (15/15)            Temple (1/1) D:4            Lair (6/6) D:10
  Swamp (4/4) Lair:4        Snake (4/4) Lair:4        Slime (5/5) Lair:6
    Orc (2/2) D:10            Elf (3/3) Orc:2        Vaults (5/5) D:14
  Crypt (0/3) Vaults:2     Depths (5/5) D:15            Zot (3/5) Depths:5

Altars:
Ashenzari
Cheibriados
Dithmenos
Elyvilon
Fedhas
Gozag
Hepliaklqana
Kikubaaqudgha
Makhleb
Nemelex Xobeh
Okawaru
Qazlal
Ru
Sif Muna
Trog
Uskayaw
Vehumet
Wu Jian
Xom
Yredelemnul
Zin
The Shining One
Beogh
Jiyva

Shops:
D:4 (   D:8 *   D:9 }   Orc:2 :([%   Elf:2 :   Elf:3 [   Snake:4 :   Vaults:2 *
Depths:3 }=}

Portals:
Hell: Lair:6 Depths:5
Pandemonium: Depths:3
Ziggurat: Depths:1
Trove: D:10 (give 8 potions of haste)

Annotations:
D:1 1 exclusion
Depths:2 2 transporters, exclusion: orange crystal statue
Depths:3 6 runed doors


Innate Abilities, Weirdness & Mutations

You cannot wear armour.
You are incapable of wielding weapons or throwing items.
Your paws allow you to move quietly. (Stealth)
You have sharp claws.
You have razor-sharp teeth.
You have supernaturally acute eyesight. (SInv)
You are carnivorous and can eat meat at any time.
((You cover ground quickly.))
((Your thick and shaggy fur keeps you warm. (AC +3, rC+)))
You have a slow metabolism.
Your sharp claws are effective at attacking unaware monsters.
((You are partially covered in molten scales. (AC +2)))
((You are partially covered in yellow scales. (AC +2)))
You are agile. (Dex +2)
Your mind is acute. (Int +2)
Your flesh is heat resistant. (rF+)
Your magical capacity is low. (-10% MP)
Your system is resistant to poisons. (rPois)
You occasionally shout uncontrollably at your foes.
You are resistant to electric shocks. (rElec)
Your spells are harder to cast, but more powerful.
You evolve.


Message History

The yellow draconian monk throws acid at you.
The glob of acid hits you! The acid corrodes you!
You are splashed with acid!
The acid burns!
* * * LOW HITPOINT WARNING * * *
Things that are here:
an uncursed glaive; a white draconian corpse Unknown command.
Unknown command.
Unknown command.
Unknown command.
Unknown command.
You feel better.
The winds around you start to calm down.
You float gracefully downwards.
The yellow draconian monk throws acid at you.
The glob of acid hits you!
* * * LOW HITPOINT WARNING * * *
You are splashed with acid!
The acid burns!
You die...
Xom laughs nastily!

* *** * *
#..§......#§#####.*
*, #.....).>.#§#* *
' * , ########'##§#
, ,, *, ** *#######
#.##§# ,≈≈≈ ≈ ,,,,
....§§####.##.# ,
** ≈ * , ****
*##q....{...#. * ≈
,, ##§§{q)qqq..'..≈
*≈
##§§§#########..≈
** ≈ * , ##§dq§8##
..≈ ≈≈ , #§§§q§§§#
*,.. , , *
##§§§§q§§##* *
**...,, , * ,*
#.§§§§§§§§#, ... ,
, ***#.§§§§§§§§##,
*, , , ,∆
#####§§§§§§§#**, ,
, *
***#⌠..####....# *
*, ,, , *
*#......#....# * *
* * ,,#......##...#
*,*,,,,


You could see a yellow draconian monk, a purple draconian knight (invisible), a
white draconian and 2 draconians.

Vanquished Creatures
  the Royal Jelly (Slime:5)
  An ancient lich (Vaults:5)
  An orb of fire (Zot:2)
  Mennas (Depths:3)
  A juggernaut (Depths:5)
  Boris (Depths:3)
  Bai Suzhen (Depths:1)
  6 golden dragons
  the Enchantress (Depths:2)
  2 bone dragons
  An electric golem (Zot:2)
  Jorgrun (Swamp:3)
  14 tentacled monstrosities
  Rupert (D:15)
  4 liches
  2 deep elf blademasters (Elf:3)
  21 acid blobs
  3 titans
  2 deep elf master archers (Elf:3)
  The ghost of Iwannabefree the Fencer, an adept DsCK of Xom (Swamp:2)
  4 sphinxes
  3 quicksilver dragons
  3 tengu reavers
  Agnes (D:15)
  A thorn hunter (Swamp:2)
  6 storm dragons
  Kirke (Elf:1)
  4 death cobs
  5 draconian monks
  Roxanne (Elf:3)
  7 azure jellies
  11 shadow dragons
  7 nagarajas
  10 fire giants
  3 iron dragons
  14 frost giants
  Aizul (Snake:3)
  10 vault wardens
  4 deep elf sorcerers
  The ghost of dududu the Grappler, an adept VSMo of Cheibriados (Swamp:4)
  8 draconian knights
  4 draconian scorchers
  An orc warlord (Vaults:4)
  4 draconian shifters
  Louise (D:15)
  2 draconian stormcallers
  2 ghouls
  6 deep elf elementalists
  20 stone giants
  5 entropy weavers
  A war gargoyle (Vaults:5)
  8 spriggan defenders
  10 ironheart preservers
  28 very ugly things
  8 draconian annihilators
  5 green draconians
  Nessos (Lair:6)
  3 deep elf annihilators (Elf:3)
  9 deep elf demonologists
  2 vampire knights (Depths:1)
  7 black draconians
  6 purple draconians
  6 white draconians
  A dire elephant (D:15)
  4 spark wasps
  4 red draconians
  5 yellow draconians
  An eidolon (Vaults:2)
  7 deep elf death magi
  10 ettins
  A green death (Depths:3)
  12 fire dragons
  11 yaktaur captains
  7 deep elf high priests
  13 great orbs of eyes
  Josephine (D:13)
  9 death oozes
  Erolcha (Orc:1)
  Harold (D:12)
  A rakshasa (Vaults:2)
  16 hydras
  32 vault guards
  2 ghost crabs (Swamp:4)
  12 ice dragons
  11 naga warriors
  10 spriggan air magi
  8 centaur warriors
  7 anacondas
  3 catoblepae
  2 death knights
  10 dancing weapons
  5 alligators
  7 deep troll earth magi
  An alligator (shapeshifter) (Vaults:5)
  40 two-headed ogres
  A death yak (Lair:6)
  9 deep troll shamans
  5 vampire magi
  5 orc high priests (Orc:2)
  7 tengu warriors
  12 ogre magi
  19 naga sharpshooters
  A sun demon (Depths:3)
  15 deep elf knights
  4 soul eaters
  5 spriggan berserkers
  A shock serpent (shapeshifter) (Vaults:5)
  7 shock serpents
  5 iron trolls
  18 hell knights
  A fire crab (Volcano)
  A spriggan druid (Swamp:2)
  3 shadow wraiths
  A sixfirhy (Lair:6)
  12 skeletal warriors
  4 unseen horrors
  A sea snake (Snake:1)
  4 swamp dragons
  3 spectral hydras (Swamp:4)
  An unseen horror (shapeshifter) (Depths:3)
  13 deep elf archers
  30 deep trolls
  3 flayed ghosts (Depths:4)
  3 glowing orange brains
  8 wizards
  A lindwurm (Volcano)
  A shambling mangrove (Swamp:1)
  13 necromancers
  A lindwurm (shapeshifter) (Vaults:5)
  7 ironbrand convokers
  Pikel (D:5)
  5 naga ritualists
  A wolf spider zombie (D:15)
  3 phantasmal warriors
  2 oklob plants
  2 wolf spiders (shapeshifter)
  4 mana vipers
  9 wolf spiders
  14 orc knights
  61 deep elf magi
  10 harpies (Vaults:2)
  A frost giant zombie (Depths:1)
  A mana viper (shapeshifter) (Elf:1)
  50 ugly things
  4 shining eyes
  A fire giant zombie (Depths:2)
  An orc sorcerer (Vaults:4)
  4 cyclopes
  A manticore (D:11)
  12 elephants (Lair:6)
  5 salamanders
  16 moths of wrath
  5 centaur zombies
  Maurice (D:9)
  A moth of wrath (shapeshifter) (Depths:1)
  A frost giant skeleton (Depths:2)
  2 titan simulacra
  A gargoyle (D:15)
  A guardian serpent (shapeshifter) (Depths:4)
  3 guardian serpents
  11 vault sentinels
  30 black mambas
  A torpor snail (shapeshifter) (Depths:5)
  4 eyes of devastation
  14 naga magi
  A smoke demon (Depths:3)
  12 spiny frogs
  4 centaur skeletons
  3 orange demons
  3 swamp worm zombies (Swamp:4)
  A komodo dragon (shapeshifter) (Depths:3)
  33 yaktaurs
  7 rime drakes
  6 komodo dragons
  2 golden dragon simulacra (Depths:4)
  2 hellwings
  3 ice devils
  2 tengu conjurers
  A guardian mummy (WizLab)
  3 meliai (D:15)
  A merfolk (D:9)
  2 red devils
  7 freezing wraiths
  4 trolls
  2 polar bears (Lair:6)
  A jumping spider (shapeshifter) (Depths:3)
  A small abomination (Elf:3)
  A tengu simulacrum (Vaults:5)
  5 hydra zombies (Swamp:4)
  A polar bear (shapeshifter) (Vaults:4)
  3 tyrant leeches
  16 hornets
  21 blink frogs
  4 dream sheep (Lair:6)
  88 slime creatures
  3 spectral swamp dragons (Swamp:4)
  10 bog bodies
  7 alligator zombies (Swamp:4)
  A human simulacrum (Vaults:3)
  A spriggan zombie (Depths:2)
  A meliai zombie (D:15)
  9 hippogriffs
  4 centaur simulacra
  5 water elementals
  3 shadows
  A redback (shapeshifter) (Vaults:5)
  15 spriggans
  3 fire elementals
  A vampire (D:15)
  2 air elementals
  A tarantella (Vaults:5)
  5 wyverns
  A yak (shapeshifter) (Depths:3)
  8 redbacks
  2 hogs
  9 wraiths
  30 yaks
  2 hungry ghosts
  A basilisk (Lair:3)
  4 golden eyes (Slime:1)
  10 fire bats
  A golden eye (shapeshifter) (Elf:3)
  2 steam dragons
  10 vampire mosquitoes
  21 swamp worms
  56 nagas
  A soldier ant (D:11)
  6 insubstantial wisps
  3 wargs
  3 acid dragons
  3 floating eyes
  8 water moccasins
  A floating eye (shapeshifter) (Vaults:4)
  6 hell hounds
  7 porcupines
  3 swamp drakes
  43 orc warriors
  4 sky beasts
  4 black bears
  6 eyes of draining
  7 phantoms
  An ice beast (D:15)
  2 swamp dragon zombies (Swamp:4)
  A slave (D:5)
  2 ice beasts (shapeshifter)
  30 ogres
  10 wolves
  6 boggarts
  An ettin simulacrum (Vaults:5)
  2 elf skeletons
  15 centaurs
  5 crocodiles
  18 bullfrogs
  2 big kobolds
  A gnoll sergeant (Orc:1)
  3 earth elementals
  A water moccasin zombie (D:5)
  2 wyvern skeletons
  4 scorpions
  11 killer bees
  A wight (D:7)
  A howler monkey (D:10)
  3 electric eels
  4 crimson imps
  3 draconian simulacra (IceCv)
  A quasit (Depths:3)
  6 lava snakes (Volcano)
  2 iron imps (Depths:3)
  5 bullfrog skeletons
  4 hounds
  6 jellies
  3 bullfrog zombies
  33 orc priests
  16 orc wizards
  7 iguanas
  An iguana (shapeshifter) (D:10)
  A spectral swamp drake (Swamp:4)
  2 troll simulacra (IceCv)
  2 spriggan simulacra (IceCv)
  12 worker ants
  2 hound zombies
  3 mummies (Ossuary)
  11 adders
  14 gnolls
  A swamp drake zombie (Swamp:4)
  A howler monkey skeleton (D:8)
  4 river rats (D:6)
  3 shadow imps
  2 white imps (Depths:3)
  An ufetubus (Depths:3)
  2 oozes
  5 adder skeletons
  A worm (D:4)
  A dart slug (D:1)
  5 leopard geckos
  148 orcs
  7 giant cockroaches
  10 goblins
  5 hobgoblins
  6 jackals
  2 quokkas
  3 bats
  A frilled lizard (D:1)
  3 goblin zombies (Ossuary)
  A jackal zombie (D:6)
  27 kobolds
  5 kobold zombies (Ossuary)
  A quokka skeleton (D:9)
  A quokka zombie (D:9)
  6 rats
  4 fungi (Lair:6)
2163 creatures vanquished.

Vanquished Creatures (collateral kills)
  An azure jelly (Slime:5)
  A death ooze (Slime:5)
  A two-headed ogre (D:7)
  The ghost of Daviar the Martial Artist, a novice DsGl of Wu Jian (D:10)
  An orc knight (Bailey)
  A manticore (D:9)
  2 shining eyes
  A rust devil (IceCv)
  Psyche (D:9)
  An ice devil (IceCv)
  A troll (D:9)
  Prince Ribbit (D:9)
  An ice beast (D:6)
  2 orc warriors
  A wolf (Lair:2)
  A centaur (D:12)
  2 bullfrogs
  2 wights (D:7)
  3 orc wizards (D:3)
  A hound (D:3)
  The ghost of zero the Sneak, a weakling SpEn (D:3)
  A dart slug (D:3)
  14 orcs
  2 hobgoblins (D:3)
  A ball python (D:3)
  A bat (D:3)
  A frilled lizard (D:3)
  5 kobolds
52 creatures vanquished.

Vanquished Creatures (others)
  A very ugly thing (Depths:5)
  A centaur warrior (D:14)
  A deep troll shaman (Depths:3)
  A yaktaur (Depths:3)
  A hornet (D:9)
  A wraith (D:14)
  A hog (Elf:1)
  2 humans (Elf:1)
  3 insubstantial wisps (Swamp:4)
  A water moccasin (Lair:6)
  An orc warrior (Orc:2)
  A phantom (Swamp:4)
  A centaur (D:14)
  2 orcs
  A bush (Lair:3)
  43 fungi
  13 plants
75 creatures vanquished.

Grand Total: 2290 creatures vanquished

Notes
Turn   | Place    | Note
-------+----------+-------------------------------------------
     0 | D:1      | 4thArraOfDagon the Felid Chaos Knight began the quest for the Orb.
     0 | D:1      | Reached XP level 1. HP: 10/10 MP: 2/2
    86 | D:1      | XOM: harmless Fire miscast
    92 | D:1      | XOM: harmless Erth miscast
   152 | D:2      | XOM: silly message
   173 | D:2      | XOM: potion effect (invisibility)
   175 | D:2      | Reached skill level 1 in Stealth
   175 | D:2      | Reached XP level 2. HP: 8/14 MP: 3/3
   184 | D:2      | Sergey: best god
   233 | D:2      | Found a radiant altar of Vehumet.
   248 | D:2      | Reached XP level 3. HP: 8/17 MP: 4/4
   255 | D:2      | XOM: harmless Summ miscast
   310 | D:3      | 4thArraOfDagon: looks like it :)
   347 | D:2      | XOM: divination: magic mapping
   396 | D:2      | XOM: god gift: 9 sling bullets
   397 | D:2      | ty
   397 | D:2      | very usefull
   495 | D:1      | XOM: cloud trail
   534 | D:1      | XOM: stat loss: -1 Dex (14/15)
   659 | D:1      | XOM: give mutations
   659 | D:1      | Gained mutation: You evolve. [Xom's grace]
   659 | D:1      | Gained mutation: Your spells are a little harder to cast, but a little more powerful. [Xom's grace]
   659 | D:1      | Gained mutation: Your muscles are strong. (Str +2) [Xom's grace]
   930 | D:3      | Noticed zero's ghost (weakling SpEn)
   934 | D:3      | XOM: divination: detect creatures
  1115 | D:4      | XOM: harmless Chrm miscast
  1270 | D:3      | Reached XP level 4. HP: 14/21 MP: 5/5
  1300 | D:3      | XOM: cast spell 'Summon Dragon'
  1304 | D:3      | :O
  1328 | D:3      | Sergey: ahah
  1346 | D:3      | Sergey: good gift
  1346 | D:3      | come on!
  1493 | D:3      | Reached XP level 5. HP: 24/24 MP: 6/6
  1497 | D:3      | Found a burning altar of Makhleb.
  1517 | D:3      | Killed zero's ghost
  1522 | D:3      | wojtek: is this a perm ally?
  1522 | D:3      | rip bud
  1536 | D:3      | XOM: scenery: 1 doors close
  1546 | D:3      | Sergey: I guess no
  1554 | D:3      | wojtek: :-(
  1554 | D:3      | Sergey: good bye
  1554 | D:3      | 4thArraOfDagon: :(
  1571 | D:3      | 4thArraOfDagon: he served well
  1615 | D:3      | Sergey: when monsters kill each other do I earn xp ?
  1623 | D:3      | XOM: smoke on damage
  1639 | D:3      | XOM: scenery: 1 doors close
  1667 | D:4      | wojtek: no, Sergey, you earn satisfaction instead
  1701 | D:4      | wojtek: and that's priceless
  1741 | D:4      | Noticed an ogre
  1741 | D:4      | Noticed a phantom
  1745 | D:4      | Noticed a hog
  1745 | D:4      | an ogre changed into a hog
  1745 | D:4      | XOM: polymorph ogre -> hog
  1754 | D:4      | Killed a phantom
  1754 | D:4      | Reached skill level 5 in Stealth
  1757 | D:4      | Gained mutation: You are covered in thick fur. (AC +2) [Felid growth]
  1757 | D:4      | Reached XP level 6. HP: 28/28 MP: 7/7
  1769 | D:4      | Killed a hog
  1769 | D:4      | Reached skill level 5 in Dodging
  1769 | D:4      | Reached skill level 5 in Unarmed Combat
  1789 | D:4      | Found a sparkling altar of Nemelex Xobeh.
  1812 | D:4      | XOM: scenery: create altars
  1822 | D:4      | XOM: scenery: create altars
  1842 | D:4      | XOM: summons friendly quasit
  1863 | D:5      | Entered Level 5 of the Dungeon
  1870 | D:6      | XOM: silly message
  1887 | D:6      | XOM: medium Tmut miscast
  1904 | D:6      | XOM: enchant monster (good)
  1917 | D:6      | Reached XP level 7. HP: 30/31 MP: 8/8
  2000 | D:6      | XOM: mild Hex miscast
  2065 | D:6      | XOM: 6-stop teleportation journey
  2081 | D:6      | XOM: summons friendly white imp
  2092 | D:6      | XOM: divination: detect items
  2113 | D:6      | HP: 1/31 [orc wizard/dagger (2)]
  2121 | D:6      | XOM: mild Necr miscast
  2144 | D:6      | XOM: mild Conj miscast
  2213 | D:6      | XOM: harmless Tmut miscast
  2266 | D:5      | Found a sand-covered staircase.
  2271 | Ossuary  | Entered an ossuary
  2271 | Ossuary  | Noticed a wraith
  2271 | Ossuary  | Noticed a wraith
  2271 | Ossuary  | Noticed a wraith
  2271 | Ossuary  | XOM: 3-stop teleportation journey
  2332 | Ossuary  | XOM: swap monsters
  2406 | Ossuary  | wojtek: pro strats
  2528 | Ossuary  | Noticed a wraith
  2532 | Ossuary  | XOM: fake destruction
  2533 | Ossuary  | XOM: 2-stop teleportation journey
  2537 | Ossuary  | XOM: enchant monster (good)
  2609 | Ossuary  | XOM: medium Necr miscast
  2610 | Ossuary  | Noticed a shadow
  2610 | Ossuary  | Noticed a shadow
  2630 | Ossuary  | XOM: blink monster(s)
  2637 | Ossuary  | Killed a wraith
  2901 | D:5      | Reached XP level 8. HP: 34/34 MP: 9/9
  2927 | D:5      | wojtek: is stoned form a must on a cat?
  3117 | D:6      | XOM: chaos upgrade
  3203 | D:6      | p0werm0de: def helps a lot
  3206 | D:6      | XOM: scenery: 1 doors close
  3225 | D:6      | XOM: destruction
  3234 | D:6      | XOM: cast spell 'Call Canine Familiar'
  3235 | D:6      | p0werm0de: but can also be all ranged caster or play stealthy+summons etc
  3269 | D:6      | p0werm0de: stoned form haha
  3295 | D:6      | p0werm0de: i need stoned form rite now
  3368 | D:7      | XOM: cast spell 'Summon Dragon'
  3498 | D:7      | p0werm0de: sergey did you see we got russian subchannel in discord
  3519 | D:7      | Noticed a two-headed ogre
  3531 | D:7      | Killed a two-headed ogre
  3541 | D:7      | p0werm0de: its pretty active with renifell & co
  3553 | D:7      | Found a sacrificial altar of Ru.
  3569 | D:7      | Reached skill level 10 in Stealth
  3593 | D:7      | Reached XP level 9. HP: 34/39 MP: 10/10
  3610 | D:7      | p0werm0de: i try to remove putin and make jacquesderrida president instead, through it !
  3611 | D:7      | XOM: god gift: 34 gold pieces
  3631 | D:7      | p0werm0de: support :D
  3757 | D:8      | XOM: noise
  3780 | D:8      | Found Unoyp's General Store.
  3842 | D:8      | Found an iron altar of Okawaru.
  3853 | D:8      | Noticed a two-headed ogre
  3862 | D:8      | XOM: enchant monster (bad)
  3879 | D:8      | XOM: cast spell 'Alistair's Intoxication'
  3896 | D:8      | XOM: swap monsters
  3911 | D:8      | Killed a two-headed ogre
  3930 | D:8      | Found a blossoming altar of Fedhas.
  4069 | D:9      | XOM: scenery: create altars
  4071 | D:9      | XOM: fake destruction
  4072 | D:9      | Sergey: are you also at that channel, p0 ?
  4074 | D:9      | XOM: swap monsters
  4081 | D:9      | XOM: smoke on damage
  4086 | D:9      | p0werm0de: ye
  4093 | D:9      | XOM: polymorph orc -> hobgoblin
  4094 | D:9      | Reached skill level 5 in Fighting
  4095 | D:9      | Sergey: so why is it russian ?
  4095 | D:9      | p0werm0de: i created
  4107 | D:9      | p0werm0de: main channel is english
  4114 | D:9      | Noticed Prince Ribbit
  4120 | D:9      | Slain by Prince Ribbit
  4121 | D:9      | Reached XP level 8. HP: -2/37 MP: 0/9
  4146 | D:9      | XOM: noise
  4150 | D:9      | XOM: potion effect (agility)
  4154 | D:9      | Sergey: you are like connector
  4156 | D:9      | Reached XP level 9. HP: 40/40 MP: 10/10
  4159 | D:9      | p0werm0de: zero you want into discord?
  4160 | D:9      | XOM: silly message
  4170 | D:9      | Noticed a merfolk
  4171 | D:9      | p0werm0de: it was more random
  4182 | D:9      | XOM: harmless Necr miscast
  4187 | D:9      | XOM: scenery: create altars
  4190 | D:9      | p0werm0de: i made the channel for our tourney clan
  4192 | D:9      | Sergey: between russians
  4199 | D:9      | Killed a merfolk
  4200 | D:9      | p0werm0de: and then midway zkyp joined
  4220 | D:9      | p0werm0de: and then we filled it up after tourney
  4252 | D:9      | Noticed a two-headed ogre
  4260 | D:9      | p0werm0de: ah ye thats alright
  4279 | D:9      | XOM: polymorph big kobold -> swamp drake
  4296 | D:9      | XOM: summons 4 friendly demons
  4300 | D:9      | Killed a two-headed ogre
  4318 | D:9      | Sergey: have you seen trick with swamp dragon ?
  4335 | D:9      | Sergey: by uv4
  4351 | D:9      | p0werm0de: nope
  4371 | D:9      | Sergey: he was mummy
  4386 | D:9      | Sergey: so immune to poison
  4394 | D:9      | Found a runed door.
  4394 | D:9      | Noticed a tengu warrior
  4397 | D:9      | Killed a tengu warrior
  4407 | D:9      | Noticed a manticore
  4409 | D:9      | Sergey: and he took swamp dragon with him to spiders nest
  4425 | D:9      | p0werm0de: close
  4427 | D:9      | Sergey: and it was like ring of poison
  4433 | D:9      | Noticed a stone giant
  4435 | D:9      | Killed a stone giant
  4435 | D:9      | Reached skill level 10 in Unarmed Combat
  4435 | D:9      | Reached XP level 10. HP: 6/45 MP: 2/11
  4439 | D:9      | Sergey: around you
  4439 | D:9      | p0werm0de: ye but then he loses tons of xp
  4444 | D:9      | p0werm0de: which a mummy needs
  4445 | D:9      | Sergey: why ?
  4454 | D:9      | p0werm0de: not?
  4481 | D:9      | Sergey: how could he lose xp
  4517 | D:9      | p0werm0de: dragon owns all spider
  4607 | D:9      | Sergey: it just confuse them
  4631 | D:9      | p0werm0de: ah yea mean swamp drake ok
  4662 | D:9      | Sergey: oh, ye
  4672 | D:9      | Sergey: not dragon
  4682 | D:9      | Found Qaesaqo's Gadget Shop.
  4682 | D:9      | XOM: harmless Air miscast
  4694 | D:9      | p0werm0de: yea kk nice trikk
  4709 | D:9      | Sergey: but really annoying
  4710 | D:10     | Entered Level 10 of the Dungeon
  4727 | D:10     | XOM: summons 5 hostile demons
  4728 | D:10     | Noticed a rust devil
  4733 | D:10     | :O
  4738 | D:10     | XOM: confusion
  4739 | D:10     | :O
  4744 | D:10     | XOM: enchant monster (bad)
  4759 | D:10     | XOM: harmless Tloc miscast
  4773 | D:10     | Found a staircase to the Lair.
  4789 | D:10     | XOM: harmless Necr miscast
  4801 | D:11     | wojtek: reminds me of the old saying
  4814 | D:11     | wojtek: "keep your friends close, but your enemies even closer"
  4814 | D:11     | Noticed a tengu warrior
  4814 | D:11     | Noticed a two-headed ogre
  4821 | D:11     | Noticed a cyclops
  4822 | D:11     | Noticed a manticore
  4825 | D:11     | XOM: enchant monster (good)
  4833 | D:11     | XOM: confuse monster(s)
  4838 | D:11     | XOM: summons 2 friendly demons
  4839 | D:11     | Noticed a deep elf mage
  4839 | D:11     | Killed a two-headed ogre
  4844 | D:11     | Reached skill level 10 in Dodging
  4850 | D:11     | Killed a manticore
  4856 | D:11     | Killed a deep elf mage
  4866 | D:11     | Killed a tengu warrior
  4868 | D:11     | XOM: divination: magic mapping
  4870 | D:11     | Reached XP level 11. HP: 36/49 MP: 9/12
  4932 | D:11     | XOM: polymorph ogre -> sky beast
  4969 | D:11     | XOM: give mutations
  4969 | D:11     | Gained mutation: You possess an exceptional clarity of mind. [Xom's grace]
  4969 | D:11     | Gained mutation: You are robust. (+10% HP) [Xom's grace]
  4969 | D:11     | Gained mutation: You are partially covered in slimy green scales. (AC +2) [Xom's grace]
  4969 | D:11     | Gained mutation: You have a pair of small horns on your head. [Xom's grace]
  5002 | D:11     | Got a clouded amethyst amulet
  5003 | D:11     | Identified the Handbook of the Mountains and Curses
  5004 | D:11     | Identified the Incunabulum of Evil Arts and Hexes
  5090 | D:11     | Identified the amulet "Gywikaq" {Gourm SInv} (You found it on level 11 of the Dungeon)
  5117 | D:11     | Noticed a two-headed ogre
  5124 | D:11     | Killed a two-headed ogre
  5167 | D:12     | Noticed Harold
  5180 | D:12     | Killed Harold
  5237 | D:12     | XOM: enchant monster (good)
  5255 | D:12     | Found a flagged portal.
  5264 | Bailey   | Entered a bailey
  5286 | Bailey   | XOM: divination: detect creatures
  5300 | Bailey   | XOM: 2-stop teleportation journey
  5356 | Bailey   | Noticed an orc knight
  5364 | Bailey   | Killed an orc knight
  5446 | Bailey   | Noticed an orc knight
  5458 | Bailey   | XOM: blink monster(s)
  5465 | Bailey   | Killed an orc knight
  5584 | D:12     | XOM: summons 8 friendly demons
  5691 | D:12     | Noticed a purple ugly thing
  5760 | D:13     | XOM: noise
  5832 | D:13     | Identified the Guide on Confrontation and the Oath
  5857 | D:13     | Noticed Josephine
  5858 | D:13     | XOM: potion effect (might)
  5866 | D:13     | Noticed a red ugly thing
  5873 | D:13     | Killed Josephine
  6046 | D:13     | XOM: summons friendly white imp
  6049 | D:13     | XOM: cleaving
  6060 | D:13     | XOM: summons 2 friendly demons
  6062 | D:13     | XOM: blink monster(s)
  6089 | D:13     | Noticed a deep elf mage
  6247 | D:13     | XOM: enchant monster (good)
  6256 | D:13     | XOM: noise
  6260 | D:13     | XOM: blink monster(s)
  6263 | D:13     | Killed a red ugly thing
  6285 | D:13     | Gained mutation: Your thick and shaggy fur keeps you warm. (AC +3, rC+) [Felid growth]
  6285 | D:13     | Reached XP level 12. HP: 39/60 MP: 9/13
  6439 | D:14     | Learned a level 3 spell: Regeneration
  6467 | D:14     | Reached skill level 1 in Charms
  6490 | D:14     | Noticed a centaur warrior
  6494 | D:14     | Killed a centaur warrior
  6494 | D:14     | Reached skill level 15 in Stealth
  6494 | D:14     | Reached skill level 1 in Necromancy
  6542 | D:14     | Noticed a centaur warrior
  6553 | D:14     | XOM: enchant monster (good)
  6553 | D:14     | Killed a centaur warrior
  6553 | D:14     | Reached skill level 1 in Spellcasting
  6571 | D:14     | Found a labyrinth entrance.
  6596 | Lab      | Entered a labyrinth
  6606 | Lab      | Learned a level 5 spell: Lee's Rapid Deconstruction
  6666 | Lab      | Noticed a minotaur
  6706 | Lab      | :(
  6718 | D:14     | Thaneod: haha
  6726 | D:14     | XOM: summons 3 friendly demons
  6878 | D:14     | XOM: enchant monster (good)
  6913 | D:15     | Entered Level 15 of the Dungeon
  6982 | D:15     | Noticed a two-headed ogre
  6988 | D:15     | Killed a two-headed ogre
  6988 | D:15     | Reached skill level 2 in Spellcasting
  7002 | D:15     | Learned a level 2 spell: Passwall
  7086 | D:14     | Lost mutation: Your spells are a little harder to cast, but a little more powerful. [evolution]
  7096 | D:14     | Noticed a two-headed ogre
  7125 | D:14     | Killed a two-headed ogre
  7184 | D:14     | XOM: smoke on damage
  7265 | D:14     | Noticed a catoblepas
  7272 | D:14     | XOM: fog
  7306 | D:15     | XOM: mild Air miscast
  7386 | D:15     | XOM: divination: detect items
  7388 | D:15     | Noticed Rupert
  7391 | D:14     | XOM: scenery: 1 doors close
  7413 | D:14     | XOM: divine lightning
  7417 | D:14     | XOM: potion effect (brilliance)
  7420 | D:14     | Reached skill level 5 in Charms
  7430 | D:14     | Reached skill level 1 in Earth Magic
  7433 | D:14     | XOM: scenery: 1 doors close
  7449 | D:14     | XOM: chaos upgrade
  7485 | D:15     | Noticed Louise
  7487 | D:15     | HP: 2/60 [meliai/hand axe (6)]
  7488 | D:15     | Killed from afar by a meliai
  7489 | D:15     | Reached XP level 11. HP: -5/56 MP: 0/15
  7510 | D:15     | XOM: divination: magic mapping
  7567 | D:15     | XOM: summons 4 friendly demons
  7620 | D:15     | XOM: give mutations
  7620 | D:15     | Gained mutation: Your body sometimes deteriorates upon taking damage. [Xom's mischief]
  7620 | D:15     | Lost mutation: You are robust. (+10% HP) [Xom's mischief]
  7652 | D:15     | Found a staircase to the Depths.
  7657 | Depths:1 | Entered Level 1 of the Depths
  7657 | Depths:1 | Noticed an ice dragon
  7660 | Depths:1 | Killed an ice dragon
  7660 | Depths:1 | Reached XP level 12. HP: 55/55 MP: 17/17
  7692 | Depths:1 | Noticed a deep troll shaman
  7718 | Depths:1 | Noticed a shadow dragon
  7718 | Depths:1 | Noticed a lich
  7718 | Depths:1 | Noticed a shadow dragon
  7718 | Depths:1 | Noticed a shadow dragon
  7718 | Depths:1 | Noticed a vampire mage
  7718 | Depths:1 | Noticed a vampire mage
  7718 | Depths:1 | Noticed a vampire knight
  7718 | Depths:1 | Noticed a vampire mage
  7719 | Depths:1 | Noticed a shadow dragon
  7771 | Depths:1 | Noticed a great orb of eyes
  7772 | Depths:1 | Found a gateway to a ziggurat.
  7793 | Depths:1 | Noticed an ice dragon
  7795 | Depths:1 | Noticed a deep troll shaman
  7800 | Depths:1 | Killed an ice dragon
  7807 | Depths:1 | Found a shattered altar of Ashenzari.
  7874 | Depths:1 | Noticed a deep troll shaman
  7953 | Depths:1 | Noticed a shadow dragon
  7953 | Depths:1 | Noticed a deep elf death mage
  7961 | D:15     | Noticed a dire elephant
  7961 | D:15     | Noticed Agnes
  7962 | D:15     | XOM: summons 9 friendly demons
  7970 | D:15     | Noticed a five-headed hydra
  7990 | D:15     | XOM: god gift: dented emerald amulet {god gift}
  8017 | D:15     | XOM: scenery: create altars
  8018 | D:15     | XOM: butterfly on damage
  8073 | D:14     | Learned a level 3 spell: Conjure Flame
  8076 | D:14     | Learned a level 2 spell: Blink
  8280 | D:11     | XOM: summons friendly ufetubus
  8286 | D:11     | XOM: silly message
  8288 | D:11     | Reached skill level 3 in Spellcasting
  8387 | D:11     | XOM: harmless Fire miscast
  8424 | D:11     | Noticed a death knight
  8448 | D:11     | XOM: mild Air miscast
  8452 | D:11     | XOM: silly message
  8536 | D:11     | Reached skill level 1 in Evocations
  8594 | D:10     | Noticed Daviar's ghost (novice DsGl)
  8601 | D:10     | Noticed Sonja
  8607 | D:10     | XOM: summons 5 hostile demons
  8643 | D:10     | Noticed Sonja
  8643 | D:10     | Sonja changed into Sonja the fire bat
  8652 | D:10     | Killed Sonja the fire bat
  8757 | D:10     | Found a portal to a secret trove of treasure.
  8778 | D:10     | XOM: harmless Fire miscast
  8791 | D:10     | Reached skill level 5 in Necromancy
  8834 | D:10     | XOM: polymorph orc priest -> iguana
  8882 | D:10     | XOM: enchant monster (bad)
  9067 | D:10     | XOM: blink monster(s)
  9070 | D:10     | XOM: repel stairs
  9084 | D:9      | Noticed Maurice
  9085 | D:9      | Noticed a two-headed ogre
  9085 | D:9      | Thaneod: funny stairs:)
  9094 | D:9      | Noticed a tengu warrior
  9110 | D:9      | Noticed a centaur warrior
  9120 | D:9      | Killed a tengu warrior
  9123 | D:9      | Killed a two-headed ogre
  9124 | D:9      | XOM: cast spell 'Summon Dragon'
  9138 | D:9      | Killed a centaur warrior
  9173 | D:9      | Killed Maurice
  9223 | D:9      | Noticed Psyche
  9228 | D:9      | Killed Psyche
  9308 | D:9      | XOM: mild Air miscast
  9320 | D:9      | Killed Prince Ribbit
  9562 | D:9      | Found a roughly hewn altar of Beogh.
  9743 | D:9      | XOM: god gift: 31 stones
  9785 | D:10     | XOM: scenery: create altars
  9788 | D:10     | XOM: enchant monster (bad)
  9792 | D:10     | XOM: enchant monster (good)
  9804 | D:10     | XOM: confuse monster(s)
  9820 | D:10     | XOM: enchant monster (bad)
  9839 | D:10     | XOM: divination: detect items
  9849 | D:10     | XOM: divination: detect creatures
  9865 | D:10     | XOM: confuse monster(s)
  9903 | D:10     | Killed Daviar's ghost
  9907 | D:10     | rip bud
  9982 | D:10     | Found a staircase to the Orcish Mines.
 10001 | D:10     | XOM: mild Erth miscast
 10080 | D:10     | XOM: smoke on damage
 10124 | Orc:1    | Entered Level 1 of the Orcish Mines
 10136 | Orc:1    | XOM: summons 5 hostile demons
 10150 | Orc:1    | Lost mutation: You possess an exceptional clarity of mind. [a neqoxec]
 10165 | Orc:2    | Entered Level 2 of the Orcish Mines
 10167 | Orc:2    | XOM: enchant monster (bad)
 10182 | Orc:2    | XOM: polymorph orc wizard -> scorpion
 10183 | Orc:2    | XOM: give mutations
 10183 | Orc:2    | Gained mutation: Your body often deteriorates upon taking damage. [Xom's mischief]
 10183 | Orc:2    | Gained mutation: You are resistant to electric shocks. (rElec) [Xom's mischief]
 10183 | Orc:2    | Lost mutation: You evolve. [Xom's mischief]
 10183 | Orc:2    | Gained mutation: You are somewhat resistant to further mutation. [Xom's mischief]
 10192 | Orc:2    | XOM: polymorph orc -> gnoll
 10252 | Orc:2    | XOM: noise
 10267 | Orc:2    | Found a staircase to the Elven Halls.
 10319 | Orc:2    | Found a dark tunnel.
 10333 | Volcano  | Entered a volcano
 10386 | Volcano  | XOM: summons 4 hostile demons
 10417 | Volcano  | XOM: torment (29/55 hp)
 10472 | Volcano  | Found a bloodstained altar of Trog.
 10474 | Volcano  | Reached XP level 13. HP: 58/58 MP: 16/19
 10483 | Volcano  | XOM: harmless Conj miscast
 10526 | Orc:2    | XOM: butterfly on damage
 10528 | Orc:2    | XOM: 7-stop teleportation journey
 10529 | Orc:2    | O
 10651 | Orc:2    | Learned a level 3 spell: Mephitic Cloud
 10694 | Orc:2    | XOM: cleaving
 10719 | Orc:2    | XOM: cleaving
 10726 | Orc:2    | XOM: fog
 10729 | Orc:2    | XOM: butterfly on damage
 10951 | Orc:2    | XOM: summons friendly ufetubus
 10968 | Orc:2    | XOM: fog
 10983 | Orc:2    | Reached skill level 1 in Conjurations
 11065 | Orc:2    | Reached skill level 1 in Poison Magic
 11095 | Orc:2    | XOM: cloud trail
 11254 | Orc:2    | XOM: cast spell 'Chain of Chaos'
 11304 | Orc:2    | Reached skill level 1 in Air Magic
 11356 | Orc:2    | XOM: cast spell 'Discord'
 11445 | Orc:2    | XOM: medium Air miscast
 11506 | Orc:2    | XOM: summons 13 friendly demons
 11519 | Orc:2    | XOM: enchant monster (bad)
 11548 | Orc:2    | XOM: noise
 11603 | Orc:2    | XOM: polymorph orc warrior -> centaur
 11616 | Orc:2    | XOM: potion effect (invisibility)
 11636 | Orc:2    | XOM: noise
 11646 | Orc:2    | XOM: cast spell 'Olgreb's Toxic Radiance'
 11658 | Orc:2    | XOM: noise
 11916 | Orc:2    | Reached skill level 4 in Spellcasting
 11977 | Orc:2    | XOM: harmless Ice miscast
 12012 | Orc:2    | XOM: potion effect (haste)
 12094 | Orc:2    | XOM: 1-stop teleportation journey
 12167 | Orc:2    | XOM: enchant monster (bad)
 12197 | Orc:2    | XOM: mild Chrm miscast
 12356 | Orc:2    | Found Lyuxat's Food Shop.
 12356 | Orc:2    | Found Tulihepi's Book Shop.
 12357 | Orc:2    | Found Zipuushua's Antique Armour Shop.
 12357 | Orc:2    | Found Figun's Weapon Boutique.
 12364 | Orc:2    | Bought a book of Changes for 275 gold pieces
 12364 | Orc:2    | Bought a book of Unlife for 715 gold pieces
 12512 | Orc:1    | XOM: summons friendly shadow imp
 12544 | Orc:1    | Reached skill level 5 in Spellcasting
 12711 | Orc:1    | Noticed Erolcha
 12718 | Orc:1    | Killed Erolcha
 12728 | Orc:1    | XOM: divination: detect items
 12760 | Orc:1    | XOM: god gift: 18 sling bullets
 12873 | Lair:1   | Entered Level 1 of the Lair of Beasts
 13058 | Lair:2   | You fall through a shaft!
 13114 | Lair:4   | Found a staircase to the Swamp.
 13115 | Lair:4   | Reached skill level 6 in Spellcasting
 13142 | Lair:4   | Learned a level 5 spell: Borgnjor's Vile Clutch
 13298 | Lair:4   | Found a staircase to the Snake Pit.
 13384 | Lair:4   | XOM: mild Tloc miscast
 13463 | Lair:3   | XOM: butterfly on damage
 13514 | Lair:2   | XOM: cast spell 'Cause Fear'
 13701 | Lair:5   | XOM: confuse monster(s)
 13711 | Lair:6   | Entered Level 6 of the Lair of Beasts
 13714 | Lair:6   | XOM: potion effect (haste)
 13721 | Lair:6   | XOM: fake destruction
 13822 | Lair:6   | Found a staircase to the Slime Pits.
 13824 | Lair:6   | XOM: polymorph dream sheep -> death drake
 13838 | Lair:6   | Reached skill level 5 in Earth Magic
 13838 | Lair:6   | Reached XP level 14. HP: 60/63 MP: 20/24
 13852 | Lair:6   | XOM: cleaving
 13875 | Lair:6   | XOM: 9-stop teleportation journey
 13877 | Lair:6   | wut
 13886 | Lair:6   | XOM: fog
 13887 | Lair:6   | XOM: cleaving
 13891 | Lair:6   | XOM: polymorph death drake -> floating eye
 13895 | Lair:6   | Paralysed by a floating eye for 4 turns
 13897 | Lair:6   | HP: 1/63 [wyvern (8)]
 13897 | Lair:6   | Slain by a wyvern
 13898 | Lair:6   | Reached XP level 13. HP: -2/58 MP: 15/23
 13898 | Lair:6   | Noticed Nessos
 13902 | Lair:6   | Killed Nessos
 13906 | Lair:6   | XOM: give mutation
 13906 | Lair:6   | Gained mutation: You occasionally shout uncontrollably at your foes. [Xom's mischief]
 13959 | Lair:6   | XOM: blink monster(s)
 13963 | Lair:6   | XOM: god gift: 52 gold pieces
 13985 | Lair:6   | XOM: harmless Conj miscast
 13987 | Lair:6   | XOM: confuse monster(s)
 13996 | Lair:6   | Found a frozen archway.
 13996 | Lair:6   | XOM: swap monsters
 14001 | IceCv    | XOM: stealth player
 14001 | IceCv    | Entered an ice cave
 14009 | IceCv    | Lost mutation: Your muscles are strong. (Str +2) [potion of mutation]
 14009 | IceCv    | Lost mutation: Your body often deteriorates upon taking damage. [potion of mutation]
 14009 | IceCv    | Lost mutation: You have a pair of small horns on your head. [potion of mutation]
 14010 | IceCv    | Lost mutation: Your body sometimes deteriorates upon taking damage. [potion of mutation]
 14010 | IceCv    | Lost mutation: You are partially covered in slimy green scales. (AC +2) [potion of mutation]
 14023 | IceCv    | XOM: polymorph ice devil -> rust devil
 14041 | IceCv    | XOM: summons 7 friendly demons
 14206 | IceCv    | XOM: smoke on damage
 14278 | Lair:5   | XOM: cleaving
 14369 | Lair:3   | XOM: give mutations
 14369 | Lair:3   | Gained mutation: You are partially covered in molten scales. (AC +2) [Xom's grace]
 14369 | Lair:3   | Lost mutation: You are somewhat resistant to further mutation. [Xom's grace]
 14369 | Lair:3   | Gained mutation: You evolve. [Xom's grace]
 14369 | Lair:3   | Gained mutation: Your mind is acute. (Int +2) [Xom's grace]
 14435 | Lair:3   | XOM: god gift: scroll of summoning
 14673 | Lair:1   | Reached skill level 7 in Spellcasting
 14799 | Lair:1   | XOM: summons friendly orange demon
 14960 | Orc:2    | XOM: scenery: create altars
 14983 | Elf:1    | Entered Level 1 of the Elven Halls
 15004 | Elf:1    | XOM: scenery: create altars
 15021 | Elf:1    | XOM: butterfly on damage
 15088 | Elf:1    | XOM: divination: magic mapping
 15089 | Elf:1    | XOM: give mutations
 15089 | Elf:1    | Gained mutation: Your muscles are strong. (Str +2) [Xom's grace]
 15089 | Elf:1    | Gained mutation: Your spells are a little harder to cast, but a little more powerful. [Xom's grace]
 15089 | Elf:1    | Gained mutation: You are agile. (Dex +2) [Xom's grace]
 15089 | Elf:1    | Gained mutation: You have a pair of small horns on your head. [Xom's grace]
 15162 | Elf:1    | Noticed Kirke
 15167 | Elf:1    | XOM: confuse monster(s)
 15172 | Elf:1    | Killed Kirke
 15176 | Elf:1    | XOM: fake destruction
 15360 | Elf:2    | Found a magical portal.
 15423 | Elf:2    | Found Tasoanai's Book Shop.
 15452 | Elf:2    | Gained mutation: Your spells are harder to cast, but more powerful. [evolution]
 15499 | Elf:2    | Reached skill level 1 in Transmutations
 15572 | WizLab   | Entered Doroklohe's Tomb
 15638 | Elf:2    | Thaneod: why?
 15689 | Elf:2    | XOM: 1-stop teleportation journey
 15690 | Elf:2    | no
 15733 | Elf:2    | Noticed a deep elf blademaster
 15733 | Elf:2    | XOM: butterfly on damage
 15742 | Elf:2    | Found a huge runed gate.
 15742 | Elf:2    | Found a huge runed gate.
 15742 | Elf:2    | Found a huge runed gate.
 15743 | Elf:2    | Found a huge runed gate.
 15743 | Elf:2    | Found a huge runed gate.
 15775 | Elf:2    | XOM: 1-stop teleportation journey
 15801 | Elf:2    | Reached XP level 14. HP: 45/63 MP: 22/26
 15873 | Elf:1    | Reached skill level 8 in Spellcasting
 15966 | Elf:3    | Entered Level 3 of the Elven Halls
 15966 | Elf:3    | Found Deihiop's Armour Shop.
 15982 | Elf:3    | XOM: stat loss: -1 Int (20/21)
 16252 | Elf:3    | XOM: mild Fire miscast
 16309 | Elf:3    | XOM: summons 7 friendly demons
 16333 | Elf:3    | Reached skill level 5 in Transmutations
 16364 | Elf:3    | XOM: give mutations
 16364 | Elf:3    | Lost mutation: You occasionally shout uncontrollably at your foes. [Xom's mischief]
 16364 | Elf:3    | Lost mutation: Your muscles are strong. (Str +2) [Xom's mischief]
 16364 | Elf:3    | Gained mutation: You occasionally shout uncontrollably at your foes. [Xom's mischief]
 16364 | Elf:3    | Lost mutation: Your mind is acute. (Int +2) [Xom's mischief]
 16482 | Elf:3    | Noticed a deep elf sorcerer
 16482 | Elf:3    | XOM: give mutation
 16482 | Elf:3    | Lost mutation: You have a pair of small horns on your head. [Xom's mischief]
 16510 | Elf:3    | Killed a deep elf sorcerer
 16518 | Elf:3    | Noticed Roxanne
 16552 | Elf:3    | XOM: summons 4 friendly demons
 16667 | Elf:3    | Killed Roxanne
 16674 | Elf:3    | Identified Roxanne's Reference Book on Transmigration (You took it off Roxanne on level 3 of the Elven Halls)
 16677 | Elf:3    | XOM: polymorph deep elf high priest -> ettin
 16682 | Elf:3    | Learned a level 6 spell: Statue Form
 16816 | Elf:3    | Noticed a balrug
 16816 | Elf:3    | Noticed a cacodemon
 16818 | Elf:3    | Noticed a Tzitzimitl
 16818 | Elf:3    | HP: 1/81 [balrug/divine providence[a deep elf demonologist] (12)]
 16825 | Elf:3    | XOM: mild Pois miscast
 16827 | Elf:3    | Noticed a deep elf master archer
 16832 | Elf:3    | HP: 4/81 [deep elf master archer/arrow (7)]
 16833 | Elf:3    | XOM: confuse monster(s)
 16905 | Elf:1    | XOM: butterfly on damage
 16906 | Elf:1    | Reached skill level 9 in Spellcasting
 16906 | Elf:1    | XOM: harmless Summ miscast
 16941 | Elf:1    | Gained mutation: You are partially covered in yellow scales. (AC +2) [evolution]
 16970 | Elf:1    | Noticed a deep elf sorcerer
 16972 | Elf:1    | XOM: divination: detect creatures
 17008 | Elf:1    | Killed a deep elf sorcerer
 17008 | Elf:1    | Reached skill level 10 in Earth Magic
 17045 | Elf:1    | XOM: polymorph deep elf archer -> wolf spider
 17162 | Elf:1    | wojtek: 'yelling' should say "meow!"
 17162 | Elf:1    | XOM: mild Hex miscast
 17197 | Elf:1    | Reached XP level 15. HP: 66/66 MP: 20/29
 17288 | Elf:1    | Thaneod: :)
 17422 | Elf:2    | XOM: polymorph deep elf mage -> shining eye
 17423 | Elf:2    | XOM: harmless Air miscast
 17680 | Lair:2   | XOM: enchant monster (bad)
 17702 | Lair:2   | XOM: mild Tmut miscast
 17801 | Lair:2   | XOM: mild Tmut miscast
 17835 | Lair:2   | XOM: summons friendly white imp
 17871 | Lair:2   | XOM: medium Fire miscast
 17896 | Lair:1   | XOM: harmless Ice miscast
 17897 | Lair:1   | Amaterasu: You meow at your tormentor!
 18086 | D:5      | Noticed Pikel
 18088 | D:5      | Killed Pikel
 18190 | D:4      | wojtek: looking for an altar?
 18208 | D:4      | wojtek: which God?
 18305 | D:4      | wojtek: Xom disapproves :-(
 18318 | D:4      | Found Naseamas's Antique Weapon Shop.
 18548 | D:4      | XOM: harmless Ice miscast
 18678 | D:4      | Found a staircase to the Ecumenical Temple.
 18689 | Temple   | Entered the Ecumenical Temple
 18710 | Temple   | wojtek: ene-due-rabe-...
 18715 | Temple   | Fell from the grace of Xom
 18715 | Temple   | Became a worshipper of Ashenzari the Shackled
 19014 | D:10     | wojtek: you can't curse weapon, you can't curse armour
 19040 | D:11     | wojtek: and you're shaving turns, while Ash loves exploring...
 19081 | D:11     | Thaneod: never to much challenge:)
 19088 | D:11     | wojtek: I'll never understand the pros
 19232 | D:13     | wojtek: was the switch to avoid further mutations and keep this set?
 19260 | D:13     | Amaterasu: you gain piety faster per turn not fully exploring levels
 19277 | D:13     | XOM: confusion (+ monsters)
 19278 | D:13     | Amaterasu: but piety gain is less per level
 19423 | D:14     | XOM: medium Tmut miscast
 19432 | D:14     | wojtek: makes perfect sense
 19442 | D:14     | wojtek: zero is a perfect number
 19442 | D:14     | Turgon: haha, 4thArra the fungus
 19505 | D:14     | wojtek: well, not "perfect" as in terms of divisibility...
 19515 | D:14     | Found a gate to the Vaults.
 19530 | D:14     | wojtek: i.e., not as in the sum of its proper divisors
 19538 | D:14     | wojtek: nevermind
 19545 | D:14     | wojtek: I got into an internal monologue
 19550 | D:14     | Amaterasu: i understand
 19577 | D:14     | wojtek: I understood your point too :-)
 19577 | D:14     | Amaterasu: but also i dont approve of perfect numbers
 19625 | D:14     | wojtek: yeah, they seem to mix additivity and divisibility in a completely unrelated way
 19656 | D:14     | wojtek: without being insightful in any way
 19668 | D:14     | wojtek: I mean, Goldbach's conjencture also does this
 19702 | D:14     | wojtek: but it's different
 19717 | D:14     | Amaterasu: doesnt it have some meaningful implications though
 19721 | D:14     | XOM: confusion
 19740 | D:14     | XOM: summons 4 hostile demons
 19782 | D:14     | Paralysed by a skeletal warrior for 2 turns
 19953 | D:15     | Turgon: Vile clutch is so powerful that devs removed it from necromancer's starting book in trunk
 19964 | D:15     | Lost mutation: Your spells are harder to cast, but more powerful. [evolution]
 19969 | D:15     | Turgon: In fact, it's really overpowered
 19975 | D:15     | Amaterasu: what did they replace it with
 19990 | D:15     | Found the +8 Wrath of Trog {antimagic, *Rage}
 20122 | D:15     | Killed Louise
 20130 | D:15     | Turgon: Animated dead (lev 4) is highest spell now in the book of Necromancy
 20139 | D:15     | Turgon: Animate*
 20169 | D:15     | Killed a shadow dragon
 20169 | D:15     | Reached skill level 10 in Spellcasting
 20177 | D:15     | Killed Agnes
 20179 | D:15     | Turgon: ?? book of Necromancy
 20180 | D:15     | beem: book of necromancy[1/1]: Pain, Animate Skeleton, Vampiric Draining, Regeneration, Animate Dead, Borgnjor's Vile Clutch. In 0.22, no longer contains Borg's Vile Clutch.
 20213 | D:15     | Amaterasu: thats sad
 20238 | D:15     | Turgon: Well, they could have nerfed it instead
 20246 | D:15     | Amaterasu: they did i think
 20251 | D:15     | Amaterasu: reduced dmg by 25%
 20252 | D:15     | Turgon: ?? vile clutch
 20252 | D:15     | beem: Borgnjor's Vile Clutch[1/3]: Not actually a nasty purse used by necromancers but the 'formal' name for the zombie hands player spell - L5 earth/necromancy, smite targeted constriction in a 3x3 area. New in 0.21.
 20255 | D:15     | Turgon: ?? vile clutch [2
 20256 | D:15     | beem: Borgnjor's Vile Clutch[2/3]: Won't affect you or your allies. Can't be used on squares without a solid floor (no lava or deep water). Can't be used on monsters that are rConstriction: insubstantial, a slime monster, or has a spiny retaliation attack.
 20260 | D:15     | Killed Rupert
 20261 | D:15     | Turgon: ?? vile clutch [3
 20261 | D:15     | beem: Borgnjor's Vile Clutch[3/3]: Constriction damage is based on spell-power: 2d((75 + spellpower)/20). It increases over time of constriction, like for normal constriction, using the same 5-turn log2 stepdown.
 20407 | D:11     | Turgon: Well, 25% reduced damage seems logical
 20433 | D:11     | Turgon: I wonder why they kept it that strong in the 0.21 tourney
 20544 | Elf:1    | XOM: give mutation
 20544 | Elf:1    | Gained mutation: Your magical capacity is low. (-10% MP) [Xom's mischief]
 20590 | Elf:2    | Reached XP level 16. HP: 70/70 MP: 19/28
 20608 | Elf:2    | wojtek: http://dobrazupa.org/morgue/mopl/morgue-mopl-20150715-162948.txt
 20647 | Elf:2    | wojtek: if somebody posted something like this on a forum, a link to powerful octopode morgue file
 20649 | Elf:2    | wojtek: a valid reply would be:
 20649 | Elf:2    | wojtek: op op op
 20652 | Elf:2    | wojtek: original poster octopode overpowered
 20697 | Elf:2    | XOM: scenery: create altars
 20704 | Elf:2    | wojtek: a triple meaning acronym
 20755 | Elf:2    | Thaneod: ok
 20764 | Elf:2    | Bought a book of the Warp for 1440 gold pieces
 20764 | Elf:2    | wojtek: triple meaning acronym - TMA - or too much alcohol
 20764 | Elf:2    | Thaneod: there are soo many OP things
 20840 | Elf:3    | wojtek: yeah
 20843 | Elf:3    | wojtek: like... tits
 20881 | Elf:3    | Noticed a Hell Sentinel
 20883 | Elf:3    | XOM: confusion (+ monsters)
 20959 | Elf:3    | Gained mutation: Your system is resistant to poisons. (rPois) [a neqoxec]
 20980 | Elf:3    | wojtek: did I read "you feel resistant to poison"?
 20998 | Elf:3    | wojtek: after the neq
 21015 | Elf:3    | Amaterasu: ??malmutate
 21015 | Elf:3    | beem: malmutate[1/2]: Enemy spell that gives you a usually bad mutation. 80% chance of a bad mutation, else random mutation. For the effect on monsters, see {wretched}.
 21033 | Elf:3    | Identified the amulet "Liph" {RegenMP rC+ Int+2 Dex-3} (You took it off a deep elf death mage on level 3 of the Elven Halls)
 21043 | Elf:3    | wojtek: yeah
 21072 | Elf:3    | Killed a deep elf master archer
 21105 | Elf:3    | XOM: stat loss: -1 Int (24/25)
 21167 | Elf:3    | XOM: severe Necr miscast
 21181 | Elf:3    | wojtek: my sister's cat has berserkitis too
 21222 | Elf:3    | XOM: god gift: chain mail {god gift}
 21224 | Elf:3    | wojtek: !stalk 4thArraOfDagon
 21224 | Elf:3    | ty
 21224 | Elf:3    | beem: 4thArraOfDagon the L15 FeCK^Ash in D:15 (cxc tiles), T:20260, defenses: 32/29/0, stats: 8/23/17, >15 skills: Stealth
 21238 | Elf:3    | wojtek: !stalk 4thArraOfDagon -log
 21242 | Elf:3    | beem: 4thArraOfDagon, XL15 FeCK, T:20260 (milestone) has no matching game
 21258 | Elf:3    | wojtek: hmm
 21308 | Elf:3    | wojtek: bbl
 21353 | Elf:3    | Amaterasu: im reading that octopode morgue
 21359 | Elf:3    | Amaterasu: e - the ring "Beguf" (on tentacle) {+Inv Str+4 Int+11 Slay-2}
 21370 | Elf:3    | Noticed an Executioner
 21371 | Elf:3    | Identified the ring "Dyzxen" {Int+2 Stlth+} (You took it off a deep elf demonologist on level 3 of the Elven Halls)
 21374 | Elf:3    | Amaterasu: i thought +10 is max for a stat?
 21379 | Elf:3    | XOM: god gift: cursed ring of stealth
 21409 | Elf:3    | Noticed a deep elf blademaster
 21420 | Elf:3    | Killed a deep elf blademaster
 21466 | Elf:3    | Thaneod: 12
 21492 | Elf:3    | Noticed a deep elf blademaster
 21503 | Elf:3    | Killed a deep elf blademaster
 21524 | Elf:3    | Noticed a deep elf master archer
 21550 | Elf:3    | Killed a deep elf master archer
 21655 | Elf:3    | Reached skill level 15 in Unarmed Combat
 21690 | Elf:3    | Identified the Disquisition on the Earthen Escort
 21693 | Elf:3    | Identified Xootol's Collected Works on Excruciating Translocation
 21696 | Elf:3    | Learned a level 1 spell: Apportation
 21704 | Elf:3    | Learned a level 4 spell: Passage of Golubria
 21746 | Elf:3    | XOM: summons 3 hostile demons
 22005 | Lair:3   | XOM: 3-stop teleportation journey
 22115 | Swamp:1  | Entered Level 1 of the Swamp
 22222 | Swamp:1  | Reached * piety under Ashenzari
 22461 | Swamp:2  | Noticed a thorn hunter
 22465 | Swamp:1  | Reached skill level 15 in Dodging
 22484 | Swamp:1  | Gained mutation: Your spells are harder to cast, but more powerful. [evolution]
 22597 | Swamp:2  | Killed a thorn hunter
 22728 | Swamp:2  | Noticed Iwannabefree's ghost (adept DsCK)
 22747 | Swamp:2  | Killed Iwannabefree's ghost
 22747 | Swamp:2  | Reached XP level 17. HP: 72/72 MP: 5/29
 22852 | Swamp:2  | XOM: 2-stop teleportation journey
 22914 | Swamp:3  | timbw: feck with ash
 22952 | Swamp:3  | timbw: did xom leave a mark?
 22974 | Swamp:3  | Reached ** piety under Ashenzari
 23003 | Swamp:3  | Noticed Jorgrun
 23015 | Swamp:3  | Killed Jorgrun
 23128 | Swamp:1  | 4thArraOfDagon: bbs
 23391 | Swamp:4  | Entered Level 4 of the Swamp
 23431 | Swamp:4  | Reached skill level 11 in Spellcasting
 23447 | Swamp:4  | Noticed dududu's ghost (adept VSMo)
 23467 | Swamp:4  | Killed dududu's ghost
 23468 | Swamp:4  | rip bud
 23468 | Swamp:4  | dududud
 23765 | Swamp:4  | Identified a scroll of acquirement
 23825 | Swamp:4  | Noticed a bone dragon
 23828 | Swamp:4  | Reached skill level 10 in Fighting
 23834 | Swamp:4  | Killed a bone dragon
 23885 | Swamp:4  | Got a decaying rune of Zot
 23953 | Swamp:4  | Gained mutation: Your flesh is heat resistant. (rF+) [evolution]
 24166 | Lair:6   | XOM: blink monster(s)
 24171 | Lair:6   | Reached skill level 1 in Translocations
 24326 | Lair:6   | Found a burning altar of Makhleb.
 24350 | Lair:6   | Found a gateway to Hell.
 24402 | Lair:6   | Reached *** piety under Ashenzari
 24777 | Snake:1  | Entered Level 1 of the Snake Pit
 24993 | Snake:1  | Vajrapani: !stalk 4tharraofdagon
 24996 | Snake:1  | beem: 4thArraOfDagon the L17 FeCK^Ash in Snake:1 (cxc tiles), T:24777, runes: 1 (decaying), defenses: 34/30/0, stats: 8/25/14, >15 skills: Dodging,Stealth,Unarmed Combat
 24996 | Snake:1  | Reached skill level 5 in Translocations
 25088 | Snake:2  | Reached XP level 18. HP: 78/78 MP: 26/31
 25229 | Snake:2  | Reached skill level 12 in Spellcasting
 25351 | Snake:2  | XOM: mild Ice miscast
 25405 | Snake:3  | XOM: harmless Erth miscast
 25407 | Snake:3  | Reached **** piety under Ashenzari
 25417 | Snake:3  | Noticed Aizul
 25426 | Snake:3  | Killed Aizul
 25450 | Snake:3  | XOM: harmless Chrm miscast
 25701 | Snake:4  | Entered Level 4 of the Snake Pit
 25826 | Snake:4  | Found Voaso's Book Boutique.
 26161 | Snake:4  | XOM: enchant monster (bad)
 26191 | Snake:4  | Got a serpentine rune of Zot
 26269 | Snake:2  | Found a hazy altar of Hepliaklqana.
 26342 | Snake:1  | Learned a level 8 spell: Controlled Blink
 26443 | Slime:1  | Entered Level 1 of the Pits of Slime
 26501 | Lair:6   | 4thArraOfDagon: ??acid blob
 26501 | Lair:6   | beem: acid blob[1/3]: Acidic monster with a highly accurate ranged attack that can degrade your armour. Attacking it in melee can degrade your weapons, just like a jelly. Has better than average speed.
 26501 | Lair:6   | 4thArraOfDagon: %?? acid blob
 26501 | Lair:6   | beem: acid blob (J)
                  | Spd:
    12 | HD: 18   | HP: 75-117
                  | AC/EV: 1/3
                  | Dam: 42(acid:7d3)
                  | eats doors, see invisible, unbreathing
                  | Res: magic(160), poison, acid+++, blind, drown
                  | XP: 2411
                  | Sp: spit acid (3d7) [!AM, !sil]
                  | Sz: small
                  | Int: brainless.
 26530 | Lair:6   | XOM: noise
 26633 | Lair:6   | XOM: mild Ice miscast
 26665 | Lair:6   | Reached XP level 19. HP: 85/85 MP: 24/33
 26815 | Slime:1  | Reached skill level 10 in Translocations
 26850 | Slime:1  | p0werm0de: timbw !
 26862 | Slime:1  | p0werm0de: you sure want into XTAHUA discord chann
 26862 | Slime:1  | 4thArraOfDagon: ohh
 26862 | Slime:1  | p0werm0de: ??
 26862 | Slime:1  | 4thArraOfDagon: heeeyyy
 26870 | Slime:1  | p0werm0de: https://discord.gg/c7pXPV
 26870 | Slime:1  | 4thArraOfDagon: eeyyy
 26872 | Slime:2  | Reached ***** piety under Ashenzari
 26873 | Slime:2  | timbw: hello
 26876 | Slime:2  | p0werm0de: come in, have some lines
 27028 | Slime:3  | Reached skill level 13 in Spellcasting
 27108 | Slime:2  | XOM: enchant monster (bad)
 27159 | Slime:3  | timbw: idk
 27167 | Slime:3  | timbw: what do I want voip for
 27233 | Slime:4  | p0werm0de: more a local crawl chat for now
 27233 | Slime:4  | p0werm0de: just inviting to fill up !!
 27233 | Slime:4  | timbw: ah I see
 27268 | Slime:5  | Entered Level 5 of the Pits of Slime
 27359 | Slime:5  | timbw: slime 5
 27375 | Slime:5  | timbw: lmao
 27434 | Slime:5  | timbw: shitty fucking felid, its to funny
 27472 | Slime:5  | timbw: how many 3-rune chars geared to godlike powers have died here
 27495 | Slime:5  | timbw: and here is this shitty felid not even worried
 27590 | Slime:5  | :(
 27664 | Slime:4  | wojtek: at xl 19
 27684 | Slime:4  | wojtek: https://www.felixcat.com.au/wp-content/uploads/2016/06/Felix-Sensations-Meat-Selection-Multipack-3D-Render_C1L1-v2.jpg
 27703 | Slime:4  | XOM: polymorph eye of devastation -> anaconda
 27801 | Slime:4  | wojtek: that's felid and jellies
 27963 | Slime:5  | Found a viscous altar of Jiyva.
 28002 | Slime:5  | Identified the amulet "Pithroac" {Regen+ Str+4}
 28003 | Slime:5  | Identified the ring of Cheibriados's Delight {+Fly rElec}
 28130 | Slime:5  | Noticed the Royal Jelly
 28146 | Slime:5  | Killed the Royal Jelly
 28174 | Slime:5  | Got a slimy rune of Zot
 28524 | Vaults:1 | Entered Level 1 of the Vaults
 28573 | Vaults:1 | Reached XP level 20. HP: 91/91 MP: 19/34
 28830 | Vaults:2 | Found Sazicuck's Assorted Antiques.
 28838 | Vaults:2 | Reached skill level 14 in Spellcasting
 28862 | Vaults:2 | Found a staircase to the Crypt.
 28866 | Vaults:2 | Gained mutation: Your mind is acute. (Int +2) [evolution]
 29353 | Vaults:3 | Reached ****** piety under Ashenzari
 29517 | Vaults:4 | Reached skill level 15 in Translocations
 29775 | Vaults:4 | Reached skill level 15 in Spellcasting
 29848 | Vaults:5 | Entered Level 5 of the Vaults
 29859 | Vaults:4 | Reached XP level 21. HP: 95/95 MP: 33/37
 29882 | Vaults:4 | 4thArraOfDagon: ??clutch
 29882 | Vaults:4 | beem: I don't have a page labeled clutch in my learndb.
 29882 | Vaults:4 | 4thArraOfDagon: ??borgnjor's vile
 29882 | Vaults:4 | beem: I don't have a page labeled borgnjor's_vile in my learndb.
 29882 | Vaults:4 | 4thArraOfDagon: ??borgnjor's vile clutch
 29882 | Vaults:4 | beem: Borgnjor's Vile Clutch[1/3]: Not actually a nasty purse used by necromancers but the 'formal' name for the zombie hands player spell - L5 earth/necromancy, smite targeted constriction in a 3x3 area. New in 0.21.
 29882 | Vaults:4 | 4thArraOfDagon: ??borgnjor's vile clutch[2
 29882 | Vaults:4 | beem: Borgnjor's Vile Clutch[2/3]: Won't affect you or your allies. Can't be used on squares without a solid floor (no lava or deep water). Can't be used on monsters that are rConstriction: insubstantial, a slime monster, or has a spiny retaliation attack.
 29882 | Vaults:4 | 4thArraOfDagon: ??borgnjor's vile clutch[3
 29882 | Vaults:4 | beem: Borgnjor's Vile Clutch[3/3]: Constriction damage is based on spell-power: 2d((75 + spellpower)/20). It increases over time of constriction, like for normal constriction, using the same 5-turn log2 stepdown.
 29932 | Vaults:4 | Learned a level 9 spell: Tornado
 29974 | Vaults:5 | Slain by a frost giant
 29975 | Vaults:5 | Reached XP level 20. HP: 0/118 MP: 3/36
 30017 | Vaults:5 | Reached skill level 5 in Air Magic
 30107 | Vaults:5 | Got a silver rune of Zot
 30177 | Vaults:5 | Noticed a golden dragon
 30203 | Vaults:5 | Reached skill level 16 in Spellcasting
 30214 | Vaults:5 | Killed a golden dragon
 30254 | Vaults:5 | XOM: god gift: scroll of teleportation
 30254 | Vaults:5 | Was forgiven by Xom
 30555 | Vaults:5 | Reached XP level 21. HP: 45/95 MP: 24/38
 30630 | Vaults:5 | Noticed a golden dragon
 30632 | Vaults:5 | Noticed an ancient lich
 30643 | Vaults:5 | Killed an ancient lich
 30644 | Vaults:5 | Killed a golden dragon
 30689 | Vaults:5 | Reached skill level 10 in Air Magic
 31169 | Vaults:4 | Reached skill level 17 in Spellcasting
 31589 | Depths:1 | Identified the Handbook of Necromancy
 31646 | Depths:1 | Noticed Bai Suzhen
 31655 | Depths:1 | Killed Bai Suzhen
 31729 | Depths:1 | Reached XP level 22. HP: 99/99 MP: 22/40
 31866 | Depths:2 | Noticed a caustic shrike
 31867 | Depths:2 | Identified the ring of Rute {+Fly rN+}
 31867 | Depths:2 | Found a transporter.
 31867 | Depths:2 | Found a transporter.
 32055 | Depths:2 | Noticed the Enchantress
 32072 | Depths:2 | Killed the Enchantress
 32100 | Depths:2 | Identified the +3 faerie dragon scales {rElec rCorr} (You took it off the Enchantress on level 2 of the Depths)
 32124 | Depths:2 | Killed from afar by a deep troll earth mage
 32125 | Depths:2 | Reached XP level 21. HP: -20/123 MP: 32/39
 32287 | Depths:3 | Reached skill level 18 in Spellcasting
 32313 | Depths:3 | Found a large runed door.
 32313 | Depths:3 | Found a large runed door.
 32359 | Depths:3 | Noticed Mennas
 32383 | Depths:3 | Killed Mennas
 32383 | Depths:3 | Reached skill level 15 in Air Magic
 32551 | Depths:3 | Found a one-way gate leading to the halls of Pandemonium.
 32592 | Depths:3 | Noticed Boris
 32597 | Depths:3 | Found Qeymijuf's Gadget Emporium.
 32597 | Depths:3 | Found Lankuola's Jewellery Shop.
 32605 | Depths:3 | Killed Boris
 32606 | Depths:3 | Found Izosch's Gadget Emporium.
 32619 | Depths:3 | Bought an uncursed ring of wizardry for 450 gold pieces
 32696 | Depths:3 | Reached XP level 22. HP: 82/99 MP: 18/40
 32715 | Depths:3 | Found a large runed door.
 32715 | Depths:3 | Noticed a golden dragon
 32781 | Depths:3 | Found a large runed door.
 32786 | Depths:3 | Found a large runed door.
 32828 | Depths:3 | Found a large runed door.
 32859 | Depths:3 | Found a large runed door.
 32865 | Depths:3 | Paralysed by a sphinx for 6 turns
 32876 | Depths:3 | Killed a golden dragon
 32882 | Depths:3 | HP: 6/128 [spriggan defender/demon whip of freezing (17)]
 32896 | Depths:3 | HP: 6/128 [deep elf high priest/divine providence (13)]
 32953 | Depths:3 | Found a large runed door.
 33188 | Depths:4 | Paralysed by a floating eye for 4 turns
 33209 | Depths:4 | Noticed a golden dragon
 33222 | Depths:4 | Killed a golden dragon
 33239 | Depths:4 | Identified the ring "Emmeacas" {Ice rN+ Dex+4} (You took it off a spriggan air mage on level 4 of the Depths)
 33385 | Depths:4 | Reached skill level 19 in Spellcasting
 33555 | Depths:5 | Entered Level 5 of the Depths
 33605 | Depths:5 | Reached XP level 23. HP: 101/102 MP: 29/42
 33708 | Depths:5 | Noticed a juggernaut
 33717 | Depths:5 | Killed a juggernaut
 33743 | Depths:5 | wojtek: cat farts
 33746 | Depths:5 | wojtek: airstrike
 34038 | Depths:5 | Found a gate to the Realm of Zot.
 34084 | Zot:1    | Entered Level 1 of the Realm of Zot
 34227 | Zot:1    | Learned a level 9 spell: Shatter
 34298 | Zot:1    | Identified the Grimoire of Unholy Envenoming
 34321 | Zot:1    | Killed from afar by a black draconian knight
 34322 | Zot:1    | Reached XP level 22. HP: 0/128 MP: 15/42
 34447 | Zot:2    | p0werm0de: can ya give a dump?
 34452 | Zot:2    | p0werm0de: tourney writeup is online btw
 34454 | Zot:2    | p0werm0de: http://crawl.develz.org/wordpress/0-21-tournament-results
 34455 | Zot:2    | Reached skill level 20 in Spellcasting
 34467 | Zot:2    | p0werm0de: didnt see yet :>
 34517 | Zot:2    | Reached XP level 23. HP: 102/102 MP: 36/43
 34549 | Zot:2    | Noticed an orb of fire
 34557 | Zot:2    | Killed an orb of fire
 34811 | Zot:3    | Nebukadnezar: "Dying to a stationary monster on a record-breaking streak is almost unforgivable" :)
 34811 | Zot:3    | p0werm0de: ye ;D
 35027 | Zot:3    | Killed from afar by a golden dragon
 35028 | Zot:3    | Reached XP level 22. HP: -3/128 MP: 3/42
 35060 | Zot:3    | Killed a golden dragon
 35066 | Zot:3    | HP: 1/128 [acid (17)]
 35067 | Zot:3    | Splashed by a yellow draconian monk's acid

Vault maps used:
D:1:      kilobyte_arrival_exit_the_forest, minmay_pentomino_t2
D:2:      vehumet_crystals, marbit_many_paths, first_ration,
          minmay_shallow_snake_nest
D:3:      makhleb_blood_cavern_becter, nicolae_ru_path_of_blood
D:4:      kennysheep_mini_moat, minmay_temple_entry_nine_rooms, serial_shops,
          nicolae_shop_temple_entry_statues_fountains, portal_sewer_entry_b
D:5:      enter_ossuary_2, uniq_pikel
D:6:      wad_woods_tower, minmay_misc_feat_plants
D:7:      minitemple, uniq_joseph
D:8:      nicolae_overflow_crystal_walls, lemuel_round_altar, serial_shops,
          shop, shop
D:9:      hangedman_cross_stitches, special_room, serial_shops, shop,
          hangedman_fish_farm, minivault_13, uniq_maurice, uniq_prince_ribbit1,
          uniq_psyche
D:10:     due_lair_maze_entry_diamond, hiddenorc2_lemuel,
          nicolae_trove_entry_columns, uniq_sonja
D:11:     minivault_12
D:12:     enter_bailey_3, uniq_harold
D:13:     fake_guardian_serpent_vault, uniq_josephine
D:14:     lightli_vaults_fourway_checkpoint, minmay_door_square,
          lab_entry_generic
D:15:     hangedman_depths_entry_try_elsewhere_first, minmay_misc_feat_tiny,
          minmay_guarded_unrand_wrath_of_trog, uniq_louise, uniq_rupert,
          uniq_agnes
Temple:   eino_temple_lava
Lair:2:   serial_bayou_lake_a
Lair:4:   swamp_mist, dummy_snake_entry
Lair:5:   serial_bayou, serial_bayou_lagoon_a, serial_bayou_pond_d,
          serial_bayou_shore_b, serial_bayou_crossing, bh_autumn_forest_stairs
Lair:6:   evil_forest, minmay_slime_entry_oklob_open, portal_ice_cave_rime,
          serial_bayou_shore_b, serial_bayou_shore_b, uniq_nessos
Swamp:1:  evilmike_swamp_ruin_house_6
Swamp:2:  evilmike_swamp_ruin_house_2
Swamp:3:  nicolae_swamp_fairy_circle, uniq_jorgrun
Swamp:4:  swamp_pestilence
Snake:1:  serial_bayou_shore_a
Snake:2:  basic_altar, serial_bayou_shore_b
Snake:3:  uniq_aizul
Snake:4:  minmay_snake_end_coiled, serial_shops, shop
Slime:2:  uniq_dissolution
Slime:4:  dissolution_awaits
Orc:1:    uniq_erolcha
Orc:2:    st_orc_pillars, nicolae_volcano_entry_batcave
Elf:1:    kennysheep_underground_church, minmay_misc_feat_diagonals, uniq_kirke
Elf:2:    serial_shops, shop, lightli_enter_wizlab_magi_temple,
          grunt_ministairs_10, amethyst_killhole
Elf:3:    grunt_elf_hall_asides, serial_shops, shop, minivault_14, uniq_roxanne
Vaults:1: nicolae_vaults_asterisk, ontoclasm_vaults_pinch,
          ontoclasm_vaults_hangar, vaults_dpeg_cross, vaults_room_corners,
          hangedman_vaults_slice, v_pattern_5, vaults_room_fours,
          ontoclasm_vaults_misaligned, v_alt_pattern_5,
          hangedman_vaults_variations, v_alt_pattern_4, serial_glass
Vaults:2: vaults_dpeg_spiral, nicolae_vaults_network_quinsquares,
          nicolae_vaults_display_case, v_pattern_3,
          nicolae_vaults_bisected_exclaves, ontoclasm_vaults_gateway,
          hangedman_vaults_slice, ontoclasm_vaults_misaligned,
          nicolae_vaults_alarming, grunt_vaults_funnel, v_misc_25,
          vaults_dpeg_ring, minmay_crypt_entry_simple_round,
          grunt_vaults_hallway_short, serial_shops, shop
Vaults:3: ontoclasm_vaults_claustrophobia, vaults_room_door_hall,
          vaults_room_corners, nicolae_vaults_angled_halls,
          vaults_mumra_chevron, nicolae_vaults_mini_display_case,
          hangedman_vaults_slice, nicolae_vaults_three_branches,
          v_alt_pattern_4, nicolae_vaults_network_star, vaults_dpeg_diagonal,
          nicolae_vaults_big_angled_halls, v_misc_8
Vaults:4: vaults_mumra_chevron_long, nicolae_vaults_bisected_slash,
          nicolae_vaults_little_squares_6, dpeg_vaults_monster_box,
          nicolae_vaults_angled_halls, nicolae_vaults_network_periphery,
          st_cells, vaults_room_hallway, uniq_donald
Vaults:5: serial_shops
Depths:1: enter_ziggurat_d, special_room, hell_entry, evilmike_ruin_ashenzari,
          feat_on_display, grunt_megastairs_5, uniq_bai_suzhen
Depths:2: gammafunk_sealed_arena, serial_sigils_hangedman_gnaw, hellmouth_1,
          kennysheep_flooded_box, minmay_staircase_windowed_small,
          uniq_enchantress
Depths:3: minmay_five_octagons, minmay_stone_trees_small,
          grunt_pan_entry_spiral, hell_entry, minmay_shop_grove, uniq_boris,
          uniq_mennas
Depths:4: grunt_runaround, hell_entry, abyss_entry, pan_entry
Depths:5: evilmike_zot_entry_round, serial_sigils, serial_sigils_hangedman_leer,
          serial_sigils_hangedman_etch, serial_sigils_hangedman_confine,
          serial_sigils_hangedman_scratch, roderic_roman_lattice, special_room,
          hell_entry
Zot:1:    st_stairs_7, guppyfry_library_mini
Zot:3:    kennysheep_spiral_hall, grunt_megastairs_3
Lab:      labyrinth_watery, nicolae_lab_arrow, lab_fountain,
          labyrinth_baited_teleportation_trap, labyrinth_skeletal_remains
Ossuary:  ossuary_kennysheep_city_of_the_dead
Bailey:   bailey_axe_4, bailey
IceCv:    ice_cave_tombish
Volcano:  volcano_grotto
WizLab:   wizlab_doroklohe

Skill      XL: |  1  2  3  4  5  6  7  8  9 10 11 12 13 14 15 16 17 18 19 20 21 22 23 |
---------------+----------------------------------------------------------------------+-----
Stealth        | 1 2 3 4 5 6 8 10 13 14 15 | 15.1
Dodging        | 4 5 6 7 9 10 11 12 13 15 16 17 18 19 | 19.0
Unarmed Combat | 4 5 6 7 10 11 12 13 14 15 16 17 18 | 18.0
Fighting       | 4 6 8 9 10 11 12 | 12.0
Charms         | 6 7 |  7.1
Necromancy     | 5 7 |  7.7
Spellcasting   | 3 7 9 10 11 12 13 16 18 20 | 20.4
Earth Magic    | 3 7 10 12 14 | 14.3
Evocations     | 3 4 |  4.0
Conjurations   | 1 |  1.8
Poison Magic   | 1 |  1.6
Air Magic      | 1 9 15 17 19 | 19.8
Transmutations | 2 7 9 |  9.9
Translocations | 5 9 12 16 | 16.4

Action                   |  1- 3 |  4- 6 |  7- 9 | 10-12 | 13-15 | 16-18 | 19-21 | 22-24 || total
-------------------------+-------+-------+-------+-------+-------+-------+-------+-------++-------
Melee: Unarmed           |    77 |    57 |   282 |   973 |  1152 |   921 |  1236 |   521 ||  5219
       Bite              |     5 |     4 |    23 |    68 |   119 |    78 |   111 |    58 ||   466
       Punch             |     2 |       |     3 |    42 |    83 |    47 |    80 |    54 ||   311
       Headbutt          |       |       |       |   134 |    93 |       |       |       ||   227
 Cast: Regeneration      |       |       |       |    41 |   109 |    73 |   108 |    71 ||   402
       Conjure Flame     |       |       |       |     3 |    20 |     5 |    32 |       ||    60
       Lee's Rapid Decon |       |       |       |     1 |       |       |       |       ||     1
       Mephitic Cloud    |       |       |       |       |    49 |       |       |       ||    49
       Borgnjor's Vile C |       |       |       |       |   141 |   119 |   162 |   115 ||   537
       Blink             |       |       |       |       |     3 |     1 |     5 |     2 ||    11
       Statue Form       |       |       |       |       |     8 |    77 |    73 |    40 ||   198
       Passage of Golubr |       |       |       |       |       |    38 |    58 |       ||    96
       Apportation       |       |       |       |       |       |    19 |    46 |     8 ||    73
       Passwall          |       |       |       |       |       |     4 |    14 |     6 ||    24
       Controlled Blink  |       |       |       |       |       |       |     2 |       ||     2
       Tornado           |       |       |       |       |       |       |       |    25 ||    25
Invok: Curse Item        |       |       |       |       |       |     4 |     2 |       ||     6
 Abil: End Transformatio |       |       |       |       |     4 |    18 |    24 |    12 ||    58
Evoke: Wand              |       |       |    25 |    57 |    19 |     2 |     2 |     8 ||   113
       Phial of floods   |       |       |       |     3 |       |       |       |       ||     3
       Box of beasts     |       |       |       |     1 |       |       |     1 |       ||     2
       Sack of spiders   |       |       |       |       |       |       |     2 |       ||     2
  Use: Scroll            |     6 |     3 |     5 |    21 |    17 |     9 |     2 |     2 ||    65
       Potion            |     3 |     3 |     8 |    13 |    10 |     2 |    11 |    13 ||    63
 Stab: Sleeping          |     7 |       |    20 |    41 |    43 |    11 |    18 |    15 ||   155
       Invisible         |     2 |       |       |    13 |     1 |       |       |       ||    16
       Petrified         |     2 |       |       |     1 |       |       |       |       ||     3
       Distracted        |       |       |     2 |     7 |     5 |       |     1 |     1 ||    16
       Paralysed         |       |       |     3 |       |     4 |       |       |       ||     7
       Confused          |       |       |     2 |     6 |    35 |       |       |       ||    43
  Eat: Chunk             |     7 |     2 |    11 |    32 |    79 |    54 |    36 |    28 ||   249
       Ration            |       |       |       |       |       |     2 |     9 |       ||    11
Armor: Skin              |     3 |    15 |    33 |   124 |   148 |   589 |   639 |   323 ||  1874
Dodge: Dodged            |    60 |    39 |   200 |   959 |  1058 |  2236 |  2413 |  1083 ||  8048

Table legend:
 A = Spawn XP
 B = Non-spawn XP
 C = Spawn XP percentage of total XP
 D = Spawn monster count
 E = Non-spawn monster count
 F = Spawn count percentage of total count
 G = Total turns spent on level
                    A         B        C        D         E        F      G
               +---------+---------+-------+---------+---------+-------+---------
         Total |       0 | 1356953 |   0.0 |       0 |    2212 |   0.0 | 35067
               +---------+---------+-------+---------+---------+-------+---------
           D:1 |       0 |      18 |   0.0 |       0 |      12 |   0.0 |   383
           D:2 |       0 |      60 |   0.0 |       0 |      12 |   0.0 |   484
           D:3 |       0 |     125 |   0.0 |       0 |      26 |   0.0 |   535
           D:4 |       0 |     647 |   0.0 |       0 |      18 |   0.0 |  1191
           D:5 |       0 |     991 |   0.0 |       0 |      18 |   0.0 |   436
           D:6 |       0 |     733 |   0.0 |       0 |      22 |   0.0 |   661
           D:7 |       0 |     999 |   0.0 |       0 |      13 |   0.0 |   438
           D:8 |       0 |    2534 |   0.0 |       0 |      19 |   0.0 |   444
           D:9 |       0 |   10242 |   0.0 |       0 |      86 |   0.0 |  1471
          D:10 |       0 |    4272 |   0.0 |       0 |      62 |   0.0 |  1160
          D:11 |       0 |   11192 |   0.0 |       0 |      61 |   0.0 |   950
          D:12 |       0 |    3256 |   0.0 |       0 |      29 |   0.0 |   486
          D:13 |       0 |    8669 |   0.0 |       0 |      39 |   0.0 |  1003
          D:14 |       0 |   23814 |   0.0 |       0 |      65 |   0.0 |  1276
          D:15 |       0 |   24226 |   0.0 |       0 |      45 |   0.0 |  1019
        Lair:1 |       0 |    3953 |   0.0 |       0 |      15 |   0.0 |   571
        Lair:2 |       0 |    3375 |   0.0 |       0 |      19 |   0.0 |   308
        Lair:3 |       0 |    4060 |   0.0 |       0 |      22 |   0.0 |   522
        Lair:4 |       0 |    2863 |   0.0 |       0 |       8 |   0.0 |   514
        Lair:5 |       0 |    4921 |   0.0 |       0 |       9 |   0.0 |   355
        Lair:6 |       0 |   38340 |   0.0 |       0 |      85 |   0.0 |  1127
       Swamp:1 |       0 |    7658 |   0.0 |       0 |      27 |   0.0 |   517
       Swamp:2 |       0 |   14236 |   0.0 |       0 |      23 |   0.0 |   452
       Swamp:3 |       0 |   11759 |   0.0 |       0 |      28 |   0.0 |   443
       Swamp:4 |       0 |   22666 |   0.0 |       0 |      54 |   0.0 |   601
       Snake:1 |       0 |    9633 |   0.0 |       0 |      21 |   0.0 |   332
       Snake:2 |       0 |   24057 |   0.0 |       0 |      39 |   0.0 |   384
       Snake:3 |       0 |   11469 |   0.0 |       0 |      20 |   0.0 |   333
       Snake:4 |       0 |   45421 |   0.0 |       0 |      87 |   0.0 |   525
       Slime:1 |       0 |   10581 |   0.0 |       0 |      16 |   0.0 |   199
       Slime:2 |       0 |    8560 |   0.0 |       0 |      13 |   0.0 |   158
       Slime:3 |       0 |    4874 |   0.0 |       0 |       8 |   0.0 |    98
       Slime:4 |       0 |   14143 |   0.0 |       0 |      10 |   0.0 |   217
       Slime:5 |       0 |   51414 |   0.0 |       0 |      48 |   0.0 |   856
         Orc:1 |       0 |    3346 |   0.0 |       0 |      35 |   0.0 |   474
         Orc:2 |       0 |   13766 |   0.0 |       0 |     101 |   0.0 |  2314
         Elf:1 |       0 |   23369 |   0.0 |       0 |      34 |   0.0 |   964
         Elf:2 |       0 |   16970 |   0.0 |       0 |      30 |   0.0 |   821
         Elf:3 |       0 |   65531 |   0.0 |       0 |      65 |   0.0 |  1926
      Vaults:1 |       0 |   25491 |   0.0 |       0 |      42 |   0.0 |   361
      Vaults:2 |       0 |   32619 |   0.0 |       0 |      48 |   0.0 |   426
      Vaults:3 |       0 |   19992 |   0.0 |       0 |      28 |   0.0 |   423
      Vaults:4 |       0 |   81206 |   0.0 |       0 |      93 |   0.0 |   637
      Vaults:5 |       0 |  145395 |   0.0 |       0 |     111 |   0.0 |  1079
      Depths:1 |       0 |   58687 |   0.0 |       0 |      58 |   0.0 |   660
      Depths:2 |       0 |   44874 |   0.0 |       0 |      59 |   0.0 |   413
      Depths:3 |       0 |   92207 |   0.0 |       0 |      90 |   0.0 |   727
      Depths:4 |       0 |   89836 |   0.0 |       0 |      81 |   0.0 |   595
      Depths:5 |       0 |   94035 |   0.0 |       0 |      92 |   0.0 |   488
         Zot:1 |       0 |   31001 |   0.0 |       0 |      20 |   0.0 |   255
         Zot:2 |       0 |   65427 |   0.0 |       0 |      40 |   0.0 |   471
         Zot:3 |       0 |   59657 |   0.0 |       0 |      35 |   0.0 |   257
           Lab |       0 |     445 |   0.0 |       0 |       2 |   0.0 |   111
       Ossuary |       0 |     224 |   0.0 |       0 |      12 |   0.0 |   452
        Bailey |       0 |    1927 |   0.0 |       0 |      26 |   0.0 |   265
         IceCv |       0 |    1454 |   0.0 |       0 |      13 |   0.0 |   218
       Volcano |       0 |    3408 |   0.0 |       0 |      17 |   0.0 |   192
        WizLab |       0 |     325 |   0.0 |       0 |       1 |   0.0 |    54
               +---------+---------+-------+---------+---------+-------+---------
